 Dungeon Crawl Stone Soup version 0.17-a0-1435-geafbe2f (webtiles) character file.

154 pulse the Chopper (level 5, -4/41 HPs)
             Began as a Formicid Fighter on June 26, 2015.
             Killed from afar by an orc (16 damage)
             ... with a wand of frost
             ... on level 3 of the Dungeon.
             The game lasted 00:05:15 (1855 turns).

pulse the Chopper (Formicid Fighter)                Turns: 1855, Time: 00:05:15

Health: -4/41      AC: 11    Str: 21    XL:     5   Next: 63%
Magic:  5/5        EV:  4    Int:  8    God:
Gold:   44         SH:  9    Dex: 12    Spells: 0 memorised, 4 levels left

rFire  + . .     SeeInvis +     a - +0 war axe
rCold  x . .     Clarity  .     u - +0 plate armour
rNeg   . . .     SustAt   .     c - +0 shield
rPois  .         Gourm    .     (helmet unavailable)
rElec  .         Spirit   .     (no cloak)
rCorr  .         Warding  .     (no gloves)
rMut   .         Stasis   +     (no boots)
MR     .....                    (no amulet)
Stlth  ..........               o - ring of fire
                                l - +2 ring of dexterity

@: not resistant to hostile enchantments, extremely unstealthy
A: permanent stasis, dig shafts and tunnels, four strong arms, antennae 3
a: Dig, Shaft Self


You were on level 3 of the Dungeon.
You were near starving.

You visited 1 branch of the dungeon, and saw 4 of its levels.

You collected 44 gold pieces.

Inventory:

Hand weapons
 a - a +0 war axe (weapon)
Armour
 c - a +0 shield (worn)
 u - a +0 plate armour (worn)
Jewellery
 l - a +2 ring of dexterity (left hand)
 o - a ring of fire (right hand)
Scrolls
 g - a scroll of recharging {unknown}
 j - a scroll of magic mapping {unknown}
 k - a scroll of remove curse {unknown}
 p - a scroll of enchant armour {unknown}
 q - a scroll of blinking {unknown}
 r - a scroll of identify {unknown}
 t - a scroll of noise {unknown}
Potions
 d - a potion of might
 h - a potion of agility
 m - a potion of brilliance {unknown}
 n - a potion of curing {unknown}
 s - a potion of magic {unknown}
Comestibles
 e - 2 bread rations
 i - 2 meat rations


   Skills:
 - Level 3.5 Fighting
 * Level 4.6 Axes
 - Level 3.6 Armour
 - Level 0.3 Dodging
 - Level 4.1 Shields


You had 4 spell levels left.
You didn't know any spells.

Dungeon Overview and Level Annotations

Branches:
Dungeon (4/15)
 Temple: D:4-7

Altars:
Kikubaaqudgha

Shops:
D:4 }


Innate Abilities, Weirdness & Mutations

You are under a permanent stasis effect.
You can dig through walls and to a lower floor.
Your four strong arms can wield two-handed weapons with a shield.
You have a pair of large antennae on your head (SInv).


Message History

You are too injured to fight recklessly!
You are too injured to fight recklessly!
You closely miss the orc priest.
The orc priest is severely wounded.
You are near starving!
The orc priest barely misses you.
You slash the orc priest!
You kill the orc priest!
You see here a club.
You see here a stone.
You see here a stone.
The orc shouts!
The orc is too close now for your liking.
You see here a stone.
You see here a stone.
You see here a club.
Things that are here:
a flail; an orc skeleton The orc zaps a wand.
The puff of frost hits you!
You feel a terrible chill!
You die...

.##..####.. ###.#.#....####.##.#
##.## #..#........#.....#.##.#
#..# #..####......####.#.##.# .
##.# #............####.#.##.# .
#.###.#######.#[.#....#.##.# .##
#........# #.(...#<##.#.##.#
..###..##.##.###(###.#####.....#
...#...#........(..#..)..(.##..#
#..#.#.#.......(@..#######.#...#
#..#.#.............## #.#..##
#....##.......[)....# #.#..#
..#####.............# #.#..# #.#
##..###.#####.# #.#..#
#.######..###.# ... #.#..#
#..##.......o.# ..... #.#..#
...##.#...)#### .... ...# .(.##
#..>(# . ...


You could see an orc.

Vanquished Creatures
  An orc priest (D:3)
  An orc wizard (D:3)
  5 adders
  A worm (D:2)
  A giant gecko (D:2)
  4 orcs (D:3)
  4 giant cockroaches
  6 goblins
  3 hobgoblins
  4 kobolds
  6 bats
  2 giant newts
  7 rats
45 creatures vanquished.

Notes
Turn   | Place    | Note
--------------------------------------------------------------
     0 | D:1      | pulse the Formicid Fighter began the quest for the Orb.
     0 | D:1      | Reached XP level 1. HP: 18/18 MP: 1/1
   159 | D:1      | Reached XP level 2. HP: 24/24 MP: 2/2
   623 | D:2      | Reached skill level 4 in Shields
   829 | D:2      | Reached XP level 3. HP: 26/29 MP: 3/3
   944 | D:2      | Found an ancient bone altar of Kikubaaqudgha.
   991 | D:2      | Reached XP level 4. HP: 21/35 MP: 4/4
  1453 | D:3      | You fall through a shaft!
  1453 | D:4      | Found Dotrawia's Gadget Shop.
  1820 | D:3      | Reached XP level 5. HP: 35/41 MP: 5/5
  1855 | D:3      | Killed from afar by an orc

Vault maps used:
D:1:      minmay_arrival_solitary_statue
D:2:      lemuel_round_altar, first_bread, serial_forest,
          infiniplex_forest_lined_2, infiniplex_forest_end_double,
          infiniplex_forest_zigzag_1, infiniplex_forest_clump_curved,
          infiniplex_forest_lined_corner, infiniplex_forest_lined_3_way,
          infiniplex_forest_corner_1
D:3:      yredelemnul_forgotten_temple_becter, grunt_decor_cap,
          minmay_misc_feat_doors, st_stairs_3
D:4:      nicolae_ru_path_of_blood, serial_shops, shop,
          eino_small_chamber_without_monster, serial_bayou_pond_a,
          eino_small_chamber_without_monster, kennysheep_another_room

Action                   |  1- 3 |  4- 6 || total
-------------------------+-------+-------++-------
Melee: War axe           |    69 |    63 ||   132
 Abil: Shaft Self        |       |     1 ||     1
  Use: Scroll            |       |     1 ||     1
       Potion            |       |     1 ||     1
  Eat: Chunk             |       |     2 ||     2
